 Dungeon Crawl Stone Soup version 0.30.0-13-g156ef70053 (webtiles) character file.

Game seed: 11261842765953277474

88469 Theoretic the Warrior (level 15, -6/176 HPs)
             Began as an Ogre Cinder Acolyte on May 16, 2023.
             Was an Elder of Ignis.
             Shot with an arrow by a centaur warrior (23 damage)
             ... on level 14 of the Dungeon on May 17, 2023.
             The game lasted 01:16:09 (24321 turns).

Theoretic the Warrior (Ogre Cinder Acolyte)        Turns: 24321, Time: 01:16:09

Health: -6/176     AC: 10    Str: 34    XL:     15   Next: 94%
Magic:  0/16       EV: 11    Int: 15    God:    Ignis [****..]
Gold:   2570       SH: 13    Dex:  7    Spells: 14/16 levels left

rFire   + + +        b - +4 hand axe (freeze)
rCold   + . .        W - +5 kite shield of the Pink Corner {Contam rElec rC+}
rNeg    + . .        i - +3 troll leather armour {Snorg}
rPois   .            T - +0 hat {SInv}
rElec   +            y - +0 cloak
rCorr   .            (gloves unavailable)
SInv    +            (boots unavailable)
Will    ++...        R - amulet "Eteref" {Spirit rF++ Stlth+}
Stlth   ++           J - +4 ring of slaying {=R}
HPRegen 1.29/turn    D - ring of the Twisting Scavenger {rN+ Will+ Str+6 Dex+3}
MPRegen 0.15/turn

%: guardian spirit
@: spiked
A: large, unfitting armour, tough skin 1
a: Renounce Religion, Fiery Armour, Foxfire Swarm, Rising Flame


You were on level 14 of the Dungeon.
You worshipped Ignis.
Ignis was greatly pleased with you.
You visited 4 branches of the dungeon, and saw 22 of its levels.
You also visited: Ice Cave.

You collected 3389 gold pieces.
You spent 819 gold pieces at shops.

Inventory:

Hand Weapons
 a - a +2 hand axe of electrocution
 b - a +4 hand axe of freezing (weapon)
Missiles
 h - 68 stones
 j - 3 boomerangs (quivered)
 L - 2 curare-tipped darts
 O - 5 javelins
 P - 9 large rocks
 Y - 3 silver boomerangs
Armour
 i - a +3 troll leather armour (worn) {Snorg}
 y - a +0 cloak (worn)
 I - +0 swamp dragon scales
 T - a +0 hat of see invisible (worn)
 W - the +5 kite shield of the Pink Corner (worn) {Contam rElec rC+}
   (You found it on level 3 of the Lair of Beasts)

   rC:        It protects you from cold.
   rElec:     It insulates you from electricity.
   Contam:    It causes magical contamination when unequipped.
Jewellery
 e - a ring of ice
 r - a ring of poison resistance
 v - a +5 ring of evasion
 z - a ring of resist corrosion
 C - a +4 ring of protection
 D - the ring of the Twisting Scavenger (right hand) {rN+ Will+ Str+6 Dex+3}
   (You found it on level 5 of the Lair of Beasts)

   [ring of strength]

   Str:       It affects your strength (+6).
   Dex:       It affects your dexterity (+3).
   rN:        It protects you from negative energy.
   Will:      It increases your willpower.
 E - an amulet of regeneration
 J - a +4 ring of slaying (left hand) {=R}
 R - the amulet "Eteref" (around neck) {Spirit rF++ Stlth+}
   (You bought it in a shop on level 2 of the Orcish Mines)

   [amulet of guardian spirit]

   It causes incoming damage to be divided between your reserves of health and
   magic.
   rF:        It greatly protects you from fire.
   Stlth:     It makes you more stealthy.
Wands
 o - a wand of digging (5)
 A - a wand of light (9)
 U - a wand of iceblast (13)
 Z - a wand of paralysis (3)
Scrolls
 d - 3 scrolls of poison
 g - 3 scrolls of teleportation
 l - 7 scrolls of enchant armour
 m - 6 scrolls of amnesia
 n - 2 scrolls of brand weapon {unknown}
 s - 2 scrolls of immolation
 w - a scroll of magic mapping
 x - 4 scrolls of silence
 F - a scroll of torment {unknown}
 G - 2 scrolls of blinking
 M - 4 scrolls of fog
 N - 3 scrolls of vulnerability
 Q - 2 scrolls of fear {unknown}
 S - 2 scrolls of enchant weapon {unknown}
Potions
 c - 8 potions of mutation
 f - 5 potions of flight
 k - 5 potions of haste
 p - a potion of heal wounds
 q - 5 potions of curing
 t - 3 potions of brilliance {unknown}
 u - 4 potions of cancellation
 B - 3 potions of might
 H - 2 potions of resistance
 K - 4 potions of berserk rage
 V - 3 potions of attraction {unknown}
 X - 3 potions of invisibility


   Skills:
 + Level 18.2 Fighting
 - Level 14.0 Axes
 - Level 12.0 Throwing
 + Level 8.3 Armour
 - Level 11.0 Dodging
 - Level 6.0 Shields
 - Level 1.2 Spellcasting
 - Level 4.0 Fire Magic


You had 14 spell levels left.
You knew the following spells:

 Your Spells              Type           Power      Damage    Failure   Level
a - Scorch                Fire           24%        2d6       13%         2

Your spell library contained the following spells:

 Spells                   Type           Power      Damage    Failure   Level
 Necrotise                Necr           0%         1d4       41%         1
 Inner Flame              Hex/Fire       6%         N/A       50%         3
 Volatile Blastmotes      Fire/Tloc      12%        2d11      50%         3
 Lesser Beckoning         Tloc           0%         N/A       54%         2
 Ignite Poison            Fire/Tmut/Pois 4%         N/A       58%         3
 Dazzling Flash           Conj/Hex       0%         N/A       78%         3
 Gell's Gravitas          Tloc           0%         N/A       78%         3
 Teleport Other           Tloc           0%         N/A       78%         3
 Vampiric Draining        Necr           0%         2d6       78%         3
 Sticky Flame             Conj/Fire      6%         2d3       88%         4
 Animate Armour           Summ/Erth      0%         N/A       99%         4
 Iskenderun's Mystic Bla  Conj/Tloc      0%         2d3       99%         4
 Agony                    Necr           0%         N/A       100%        5
 Blade Hands              Tmut           0%         N/A       100%        5
 Summon Forest            Summ/Tloc      0%         N/A       100%        5
 Yara's Violent Unravell  Hex/Tmut       0%         3d3       100%        5
 Dispersal                Tloc           0%         N/A       100%        6
 Eringya's Noxious Bog    Tmut/Pois      0%         N/A       100%        6
 Iron Shot                Conj/Erth      0%         9d1       100%        6
 Starburst                Conj/Fire      3%         6d3       100%        6
 Enfeeble                 Hex            0%         N/A       100%        7
 Summon Hydra             Summ           0%         N/A       100%        7
 Ignition                 Fire           6%         3d4       100%        8


Dungeon Overview and Level Annotations

Branches:
Dungeon (14/15)            Temple (1/1) D:6            Lair (5/5) D:11
 Shoals (0/4) Lair:3       Spider (0/4) Lair:3        Slime (0/5) Lair:5
    Orc (2/2) D:11            Elf (0/3) Orc:2        Vaults (0/5) D:14
  IceCv (visited)

Altars:
Fedhas
Hepliaklqana
Kikubaaqudgha
Makhleb
Okawaru
Qazlal
Uskayaw
Vehumet
Wu Jian
Xom
Zin
The Shining One

Shops:
D:7 !   D:10 [   Orc:2 =!((

Portals:
Hell: Lair:5

Annotations:
D:3 1 runed translucent door, Crazy Yiuf
D:9 1 runed translucent door, buriedalive's ghost, novice MiFi
D:14 2 transporters, Roxanne; Twinkles's ghost, journeyman GrFi; bungle's ghost, adept DjCj
Lair:1 3 runed translucent doors, abessonov's ghost, journeyman FeTm
Lair:3 3 runed translucent doors, Yjeari's ghost, journeyman GrMo


Innate Abilities, Weirdness & Mutations

You are too large for most types of armour.
You have tough skin. (AC +1)


Message History

You slash the slime creature! You freeze the slime creature.
The centaur warrior hits you! The centaur warrior closely misses you.
Unknown command.
You hit the slime creature. You freeze the slime creature.
The slime creature is moderately wounded.
You slash the slime creature! You freeze the slime creature.
You barely miss the centaur warrior. The centaur warrior hits you.
You block the centaur warrior's attack. The slime creature hits you.
The slime creature hits you but does no damage.
Two slime creatures merge to form a large slime creature.
Two slime creatures merge to form a very large slime creature.
The slime creature hits you! The centaur warrior hits you.
The centaur warrior kicks you but does no damage.
You slash the slime creature! You freeze the slime creature.
The slime creature is heavily wounded.
You hit the centaur warrior. You freeze the centaur warrior.
You block the centaur warrior's attack.
The centaur warrior kicks you but does no damage.
Two slime creatures merge to form an enormous slime creature.
Unknown command.
The centaur warrior attacks as you move away!
You block the centaur warrior's attack.
The centaur warrior kicks you but does no damage.
The enormous slime creature attacks as you move away!
The enormous slime creature hits you!!!
* * * LOW HITPOINT WARNING * * *
The centaur warrior wields a +0 shortbow.
The centaur warrior shoots an arrow.
The arrow hits you!
* * * LOW HITPOINT WARNING * * *
Blink to where?
Press: ? - help, Dir - move target A manticore comes into view.
As you read the scroll of blinking, it crumbles to dust.
The centaur warrior shoots an arrow.
You block the arrow.
The manticore flicks its tail.
The volley of spikes hits you!
The barbed spikes become lodged in your body.
* * * LOW HITPOINT WARNING * * *
The centaur warrior shoots an arrow.
The arrow hits you!!
You die...

#.......... ## #...J....# ......
.. #..# ..... ### #..# H...# #..
######$.# ....# #.. #.......+
...# #.. ###....c#######...# #..
#....J..........# ...#..
#....§......@...# #...#..
#...............# #...#..
#.......####+#..# #...#..
#.......#....#..# #...#..
#.......#....#..#######...#..
######..#....#............#..
#########≈~.#####.......<....###
#...#...#≈≈~....................
#...'...)≈≈≈~....##.##...##.##..


You could see an enormous slime creature, a centaur warrior and a manticore.

Vanquished Creatures
  Jorgrun (D:12)
  Frances (D:12)
  Gastronok (D:8)
  Kirke (D:12)
  Nessos (D:14)
  A white draconian (IceCv)
  Azrael (D:13)
  Snorg (D:11)
  8 hydras
  A rakshasa (D:12)
  An ice dragon (Lair:5)
  5 vault guards (D:14)
  4 ogre magi (Orc:2)
  3 centaur warriors
  2 boulder beetles
  5 two-headed ogres
  11 death yaks
  A sun demon (Lair:5)
  Nergalle (Lair:2)
  Amaemon (Lair:3)
  4 skysharks
  2 wizards
  6 ugly things
  Pikel (D:5)
  2 manticores (D:12)
  9 orc sorcerers
  2 cyclopes
  25 elephants
  5 black mambas
  A gargoyle (D:14)
  9 cane toads
  Maggie (D:7)
  An efreet (D:14)
  2 orange demons
  10 rime drakes
  2 yaktaurs (D:14)
  9 komodo dragons
  2 kobold demonologists (D:10)
  5 ice devils
  A red devil (Lair:5)
  2 trolls
  A meliai (Lair:3)
  A polar bear (Lair:2)
  A hellwing (Lair:5)
  A hornet (D:7)
  11 blink frogs
  6 slime creatures
  A snapping turtle (Lair:3)
  A wyvern (Lair:1)
  3 shadows
  2 wraiths (D:10)
  2 fire elementals (D:13)
  2 hogs
  35 yaks
  5 basilisks
  3 vampire mosquitoes (D:14)
  An acid dragon (D:9)
  10 water moccasins
  7 hell hounds
  13 orc warriors
  An ice beast (D:7)
  A black bear (D:6)
  9 ogres
  A sky beast (D:6)
  19 wolves
  11 centaurs
  2 phantoms
  4 kobold brigands
  11 bullfrogs
  2 gnoll sergeants
  6 scorpions
  13 wights
  2 troll zombies (D:11)
  14 killer bees
  A lindwurm simulacrum (IceCv)
  4 howler monkeys
  An electric eel (Lair:3)
  4 komodo dragon simulacra (IceCv)
  6 crimson imps (D:8)
  3 jellies
  3 gnoll boudas
  2 hounds
  11 orc priests
  3 iguanas
  Terence (D:3)
  A sleepcap (D:8)
  30 orc wizards
  6 ogre zombies (D:11)
  Robin (D:3)
  27 gnolls
  7 acid dragon simulacra (IceCv)
  6 adders
  A shadow imp (D:8)
  5 white imps
  9 steam dragon simulacra (IceCv)
  2 ufetubi
  A worm (D:2)
  5 dart slugs
  68 orcs
  10 endoplasms
  6 giant cockroaches
  18 goblins
  14 hobgoblins
  25 kobolds
  4 quokkas
  7 ball pythons
  7 bats
  4 frilled lizards
  4 goblin skeletons (D:11)
  5 goblin zombies (D:11)
  A hobgoblin skeleton (D:11)
  A hobgoblin zombie (D:11)
  3 orc skeletons (D:11)
  11 orc zombies (D:11)
  8 rats
690 creatures vanquished.

Vanquished Creatures (others)
  A crimson imp (D:8)
  An orc wizard (Orc:2)
  21 foxfires (IceCv)
23 creatures vanquished.

Grand Total: 713 creatures vanquished

Notes
Turn   | Place    | Note
-------+----------+-------------------------------------------
     0 | D:1      | Theoretic the Ogre Cinder Acolyte began the quest for the
                  | Orb.
     0 | D:1      | Reached XP level 1. HP: 24/24 MP: 2/2
   122 | D:1      | Reached XP level 2. HP: 27/32 MP: 3/3
   155 | D:1      | Learned a level 2 spell: Scorch
   283 | D:1      | Reached XP level 3. HP: 19/40 MP: 2/4
  1613 | D:2      | Found a glowing silver altar of Zin.
  1628 | D:2      | Noticed a scorpion
  1634 | D:2      | Killed a scorpion
  1635 | D:2      | Reached skill level 5 in Fighting
  1635 | D:2      | Reached XP level 4. HP: 50/50 MP: 0/5
  1714 | D:2      | Identified the +2 short sword "Cyfeheo" {flame, Str+2}
  1720 | D:2      | Reached XP level 5. HP: 57/57 MP: 6/6
  2471 | D:3      | Noticed Robin
  2482 | D:3      | Killed Robin
  2870 | D:3      | Noticed Terence
  2882 | D:3      | Killed Terence
  2883 | D:3      | Reached skill level 6 in Fighting
  2883 | D:3      | Reached XP level 6. HP: 25/67 MP: 0/7
  3182 | D:3      | Found a stormy altar of Qazlal.
  3319 | D:3      | Found a runed translucent door.
  3320 | D:3      | Noticed Crazy Yiuf
  4389 | D:4      | Reached skill level 5 in Axes
  4613 | D:4      | Reached skill level 7 in Fighting
  4613 | D:4      | Reached XP level 7. HP: 71/78 MP: 3/8
  4928 | D:5      | Entered Level 5 of the Dungeon
  5466 | D:5      | Reached skill level 1 in Throwing
  5469 | D:5      | Reached skill level 1 in Dodging
  5670 | D:5      | Reached skill level 8 in Fighting
  5718 | D:5      | Found an ornate altar of the Wu Jian Council.
  5787 | D:5      | Reached XP level 8. HP: 88/88 MP: 4/9
  6530 | D:5      | Found an ancient bone altar of Kikubaaqudgha.
  6960 | D:6      | Found a staircase to the Ecumenical Temple.
  6992 | Temple   | Entered the Ecumenical Temple
  7187 | D:6      | Noticed Pikel
  7210 | D:5      | Killed Pikel
  7211 | D:5      | Reached XP level 9. HP: 97/97 MP: 10/10
  7269 | D:6      | Reached skill level 9 in Fighting
  7269 | D:6      | Reached skill level 5 in Throwing
  7477 | D:7      | Noticed a hornet
  7492 | D:7      | Paralysed by a hornet for 2 turns
  7493 | D:7      | Killed a hornet
  7494 | D:7      | Reached skill level 5 in Dodging
  7511 | D:7      | Found Togrell Oxau's Distillery.
  7729 | D:7      | Noticed Maggie
  7777 | D:7      | Killed Maggie
  8332 | D:7      | Found an iron altar of Okawaru.
  8500 | D:8      | Reached skill level 10 in Fighting
  8540 | D:8      | Reached XP level 10. HP: 103/107 MP: 11/11
  8571 | D:8      | Identified the +0 dagger "Heyt Aho" {heavy, MP+9}
  8847 | D:8      | Identified the +3 dagger of Attainder {venom, Fly Str+5
                  | Dex-2}
  8932 | D:8      | Identified the +0 ring mail "Etyo" {Will+}
  8972 | D:8      | Reached skill level 11 in Fighting
  9196 | D:9      | Found a runed translucent door.
  9197 | D:9      | Noticed buriedalive's ghost (novice MiFi)
  9297 | D:9      | Found a hide-covered altar of Uskayaw.
  9475 | D:9      | Reached skill level 1 in Armour
  9614 | D:9      | Reached skill level 12 in Fighting
  9677 | D:9      | Noticed a two-headed ogre
  9741 | D:9      | Killed a two-headed ogre
  9742 | D:9      | Reached XP level 11. HP: 123/123 MP: 12/12
  9877 | D:9      | Found a hazy altar of Hepliaklqana.
 10090 | D:9      | Found a glowing golden altar of the Shining One.
 10211 | D:10     | Entered Level 10 of the Dungeon
 10211 | D:10     | Noticed a two-headed ogre
 10267 | D:10     | Killed a two-headed ogre
 10484 | D:10     | Found Ihan's Armour Shop.
 10520 | D:10     | Noticed a two-headed ogre
 10535 | D:10     | Killed a two-headed ogre
 10630 | D:10     | Noticed a sun demon
 10657 | D:10     | Noticed a soul eater
 10659 | D:10     | Noticed a soul eater
 10743 | D:10     | Found a blossoming altar of Fedhas.
 10763 | D:10     | Found a glowing silver altar of Zin.
 10908 | D:11     | Noticed a death yak
 10908 | D:11     | Noticed Snorg
 10914 | D:11     | Noticed a death yak
 10990 | D:11     | Noticed a death yak
 10990 | D:11     | Noticed a death yak
 10990 | D:11     | Noticed a death yak
 10990 | D:11     | Noticed a death yak
 11007 | D:10     | Killed a death yak
 11008 | D:10     | Reached skill level 13 in Fighting
 11072 | D:10     | Killed a death yak
 11233 | D:10     | Killed a death yak
 11238 | D:10     | Killed a death yak
 11239 | D:10     | Reached XP level 12. HP: 127/136 MP: 13/13
 11287 | D:11     | Killed a death yak
 11288 | D:11     | Reached skill level 10 in Axes
 11291 | D:11     | Killed a death yak
 11292 | D:11     | Reached skill level 14 in Fighting
 11298 | D:11     | Killed Snorg
 11337 | D:11     | Found a staircase to the Lair.
 11519 | D:11     | Noticed a two-headed ogre
 11529 | D:11     | Killed a two-headed ogre
 11599 | D:11     | Found a staircase to the Orcish Mines.
 11622 | D:11     | Noticed a boulder beetle
 11657 | D:11     | Killed a boulder beetle
 11890 | Lair:1   | Entered Level 1 of the Lair of Beasts
 12139 | Lair:1   | Found a frozen archway.
 12229 | IceCv    | Entered an ice cave
 12906 | IceCv    | Identified the +12 great mace "Eviscerator" {flame, *Noise
                  | Drain Dex+8 SInv}
 13008 | IceCv    | Noticed a white draconian
 13042 | IceCv    | Killed a white draconian
 13043 | IceCv    | Reached skill level 5 in Armour
 13460 | Lair:1   | Found a runed translucent gate.
 13461 | Lair:1   | Found a runed translucent gate.
 13462 | Lair:1   | Found a runed translucent gate.
 13472 | Lair:1   | Noticed abessonov's ghost (journeyman FeTm)
 14068 | Lair:2   | Reached XP level 13. HP: 114/148 MP: 14/14
 14247 | Lair:2   | You fall into a shaft and drop 1 floor!
 14308 | Lair:2   | Reached skill level 15 in Fighting
 14363 | Lair:2   | Identified the +6 falchion "Theoretic's Foe" {pain, rN+}
 14846 | Lair:3   | Noticed Nergalle
 14859 | Lair:2   | Killed Nergalle
 14924 | Lair:3   | Found a staircase to the Shoals.
 15060 | Lair:3   | Found a hole to the Spider Nest.
 15185 | Lair:3   | Noticed Yjeari's ghost (journeyman GrMo)
 15368 | Lair:3   | Noticed Amaemon
 15433 | Lair:3   | Killed Amaemon
 15672 | Lair:3   | Found a runed translucent gate.
 15673 | Lair:3   | Found a runed translucent gate.
 15675 | Lair:3   | Found a runed translucent gate.
 15723 | Lair:3   | Identified the +5 kite shield of the Pink Corner {Contam
                  | rElec rC+}
 15918 | Lair:4   | Upgraded the game from 0.30.0-11-gf55b779eaf to
                  | 0.30.0-13-g156ef70053
 16097 | Lair:4   | Reached skill level 10 in Throwing
 16097 | Lair:4   | Reached skill level 1 in Shields
 16382 | Lair:4   | Reached skill level 10 in Dodging
 17248 | Lair:5   | Entered Level 5 of the Lair of Beasts
 17268 | Lair:5   | Found a staircase to the Slime Pits.
 17385 | Lair:5   | Reached XP level 14. HP: 159/159 MP: 15/15
 17403 | Lair:4   | Reached skill level 5 in Shields
 17853 | Lair:5   | Reached skill level 16 in Fighting
 18593 | Lair:5   | Reached skill level 17 in Fighting
 18838 | Lair:5   | Found a burning altar of Makhleb.
 19346 | Lair:5   | Found a gateway to Hell.
 19353 | Lair:5   | Identified the ring of the Twisting Scavenger {rN+ Will+
                  | Str+6 Dex+3}
 19609 | Orc:1    | Entered Level 1 of the Orcish Mines
 19935 | Orc:2    | Entered Level 2 of the Orcish Mines
 20028 | Orc:2    | Reached XP level 15. HP: 166/174 MP: 16/16
 20273 | Orc:2    | Found a staircase to the Elven Halls.
 20526 | Orc:2    | Found Seijaf's Jewellery Shoppe.
 20546 | Orc:2    | Found an ancient bone altar of Kikubaaqudgha.
 20680 | Orc:2    | Found Jimampi's Distillery.
 20693 | Orc:2    | Found a radiant altar of Vehumet.
 20720 | Orc:2    | Found Xuun's Antique Weapon Shoppe.
 20747 | Orc:2    | Bought a potion of berserk rage for 75 gold pieces
 20796 | Orc:2    | Found Idaan's Antique Weapon Emporium.
 20865 | Orc:2    | Bought the amulet "Eteref" {Spirit rF++ Stlth+} for 744
                  | gold pieces
 21502 | D:12     | Noticed Frances
 21517 | D:12     | Killed Frances
 21717 | D:12     | Noticed Jorgrun
 21731 | D:12     | Killed Jorgrun
 22325 | D:8      | Noticed Gastronok
 22333 | D:8      | Killed Gastronok
 22521 | D:13     | Noticed Kirke
 22813 | D:12     | Killed Kirke
 22911 | D:13     | Found a shimmering altar of Xom.
 23087 | D:13     | You fall into a shaft and drop 1 floor!
 23087 | D:14     | Found a transporter.
 23096 | D:14     | Noticed Roxanne
 23129 | D:14     | Noticed Nessos
 23136 | D:14     | Killed Nessos
 23260 | D:13     | Noticed Azrael
 23274 | D:13     | Killed Azrael
 23695 | D:14     | Noticed a fire giant
 23729 | D:14     | Noticed bungle's ghost (adept DjCj)
 23732 | D:14     | Noticed Twinkles's ghost (journeyman GrFi)
 23745 | D:14     | Found a transporter.
 23763 | D:14     | Identified a scroll of acquirement
 23763 | D:14     | Acquired 887 gold pieces
 24099 | D:14     | Reached skill level 18 in Fighting
 24175 | D:14     | Found a gate to the Vaults.
 24321 | D:14     | Shot with an arrow by a centaur warrior

Illustrated notes

Levels and vault maps discovered:
D:1:      minmay_arrival_open_corners, layout_basic
D:2:      wander_river, layout_loops_ring, basic_altar, minmay_3d_cube
D:3:      layout_basic, mainiacjoe_overflow_six_doors_small,
          minmay_randomly_rotated_circles, uniq_crazy_yiuf_cottage,
          uniq_terence, uniq_robin
D:4:      layout_loops_ring
D:5:      layout_gridville, kiku_gazebo_garden_becter,
          mainiacjoe_overflow_cross_hatched
D:6:      layout_rooms, minmay_temple_entry_drinking_statues, uniq_pikel
D:7:      layout_loops_ring, lemuel_coloured_pillars_altar, serial_shops, shop,
          kennysheep_minor_cross, uniq_maggie
D:8:      layout_rooms, minmay_nine_imps, uniq_gastronok
D:9:      layout_small_grid, nzn_hepliaklqana_mist_gate, lemuel_round_altar,
          mainiacjoe_overflow_surrounded_room, ebering_ghost_inner_flame,
          kb_lookout_dungeons_type
D:10:     layout_rooms, mainiacjoe_overflow_alcove_4, fedhas_altar_3,
          serial_shops, nicolae_square_shop
D:11:     layout_rooms, dpeg_lair_monsters, zombieorc2_lemuel, uniq_snorg
D:12:     layout_stronghold, uniq_jorgrun, uniq_frances
D:13:     layout_long_grid, tgw_xom, uniq_kirke, uniq_azrael
D:14:     layout_irregular_city, grunt_vaults_entry_fortified,
          minmay_misc_feat_tower, nzn_ghost_randoct, uniq_roxanne, uniq_nessos
Temple:   hellmonk_temple_forest_ring
Lair:1:   layout_roguey, gammafunk_ghost_necromancy,
          portal_ice_cave_demonic_guard
Lair:2:   layout_chaotic_city, grunt_megastairs_5, serial_bayou_shore_b
Lair:3:   layout_cave_shapes, minmay_shoals_entry_hut,
          hellmonk_spider_entry_not_the_bees, gammafunk_ghost_split,
          serial_bayou_shore_a, uniq_nergalle, uniq_amaemon
Lair:4:   beast_lair_carwin_large_2, layout_regular_city
Lair:5:   evil_forest, layout_concentric_octagons, slime_entry_1,
          bobbens_ice_dragon_lair
Orc:1:    layout_caves
Orc:2:    kennysheep_orc_mage_school, layout_diamond_mine

Skill      XL: |  1  2  3  4  5  6  7  8  9 10 11 12 13 14 15 |
---------------+----------------------------------------------+-----
Fire Magic     | 3 4 |  4.0
Fighting       | 5 6 7 8 10 12 13 14 15 17 18 | 18.2
Axes           | 4 5 6 7 8 9 10 12 14 | 14.0
Throwing       | 2 4 6 7 8 9 10 12 | 12.0
Dodging        | 2 4 5 6 8 9 10 11 | 11.0
Armour         | 2 4 5 6 8 |  8.3
Shields        | 4 6 |  6.0
Spellcasting   | |  1.2

Action                     |  1- 3 |  4- 6 |  7- 9 | 10-12 | 13-15 || total
---------------------------+-------+-------+-------+-------+-------++-------
  Melee: Hand axe          |    71 |   143 |   255 |   731 |  1322 ||  2522
         Punch             |       |     1 |     1 |     5 |     2 ||     9
         Staff             |       |       |       |     4 |       ||     4
         Unarmed           |       |       |       |       |     2 ||     2
  Throw: Stone             |     5 |       |       |    97 |    41 ||   143
         Dart              |     2 |       |       |     3 |     3 ||     8
         Boomerang         |     1 |       |       |     3 |   105 ||   109
         Throwing net      |       |       |     3 |     4 |     2 ||     9
         Javelin           |       |       |       |     8 |     3 ||    11
         Large rock        |       |       |       |       |    13 ||    13
   Cast: Scorch            |    20 |    21 |    60 |    42 |    13 ||   156
 Invoke: Fiery Armour      |       |       |       |     1 |     1 ||     2
         Foxfire Swarm     |       |       |       |     1 |       ||     1
  Evoke: Wand              |       |       |     1 |     1 |     2 ||     4
    Use: Scroll            |       |     8 |     2 |     3 |    11 ||    24
         Potion            |       |       |       |     4 |     3 ||     7
   Stab: Sleeping          |       |       |       |       |     3 ||     3
         Held in net/web   |       |       |       |       |     2 ||     2
         Paralysed         |       |       |       |       |     2 ||     2
 Armour: Robe              |    30 |    29 |    28 |       |       ||    87
         Swamp dragon scal |       |       |    15 |   196 |   393 ||   604
         Troll leather arm |       |       |       |   125 |    56 ||   181
  Dodge: Dodged            |    47 |    86 |   191 |   341 |   351 ||  1016
  Block: Kite shield       |       |       |       |       |   547 ||   547
